TOP OF THE 1ST |
St. Louis Cardinals batting - Pitching for Chicago Cubs : RHP Oscar Sanchez
|
Pitching: RHP Oscar Sanchez
|
|
Batting: SHB Otis Nixon
|
0-0: Swinging Strike 0-1: Foul Ball, location: 2F 0-2: Ground out 4-3 (Groundball, 4, EV 83.8 MPH)
|
Batting: LHB Jim Gantner
|
0-0: Ball 1-0: Ball 2-0: Called Strike 2-1: Ball 3-1: Base on Balls
|
Batting: RHB Sixto Lezcano
|
0-0: Called Strike 0-1: Ball 1-1: Ball 2-1: SINGLE (Groundball, 4MD, EV 108.8 MPH) Jim Gantner to second Runner from 2nd tries for 3rd, SAFE, no throw by CF
|
Batting: LHB Pat Putnam
|
0-0: Ball 1-0: SINGLE (Groundball, 4MD, EV 107.5 MPH) Jim Gantner scores Sixto Lezcano to second Runner from 2nd tries for 3rd, SAFE, throw by CF made to third
|
Batting: RHB Joe Torre
|
0-0: Grounds into double play, 5-4-3 (Groundball, 56, EV 103.1 MPH)
|
Top of the 1st over - 1 run, 2 hits, 0 errors, 1 left on base; St. Louis 1 - Chicago 0 |
BOTTOM OF THE 1ST |
Chicago Cubs batting - Pitching for St. Louis Cardinals : LHP Willie Hernandez
|
Pitching: LHP Willie Hernandez
|
|
Batting: LHB Gerald Perry
|
0-0: Ball 1-0: Foul Ball, location: 2F 1-1: Ground out 4-3 (Groundball, 4, EV 88.1 MPH)
|
Batting: RHB Bill Madlock
|
0-0: Ball 1-0: Ball 2-0: Fly out, F8 (Flyball, 8LD, EV 95.6 MPH)
|
Batting: RHB Lonnie Smith
|
0-0: Ball 1-0: Ball 2-0: Ball 3-0: Called Strike 3-1: Foul Ball, location: 2F 3-2: Foul Ball, location: 2F 3-2: TRIPLE (Flyball, 9LD, EV 111.3 MPH)
|
Batting: SHB Roy Smalley
|
0-0: Fly out, F7 (Flyball, 7LS, EV 91.9 MPH)
|
Bottom of the 1st over - 0 runs, 1 hit, 0 errors, 1 left on base; St. Louis 1 - Chicago 0 |
TOP OF THE 2ND |
St. Louis Cardinals batting - Pitching for Chicago Cubs : RHP Oscar Sanchez
|
Batting: LHB Mike Davis
|
0-0: Fly out, F8 (Line Drive, 8RD, EV 106.9 MPH)
|
Batting: RHB Bob Watson
|
0-0: Ball 1-0: Ball 2-0: Fly out, F8 (Flyball, 8LD, EV 101.3 MPH)
|
Batting: SHB Billy E Smith
|
0-0: Ball 1-0: Ball 2-0: Ball 3-0: Base on Balls
|
Batting: LHB Willie Hernandez
|
0-0: Ball 1-0: Called Strike 1-1: SINGLE (Groundball, 6M, EV 88.8 MPH) (infield hit) Billy E Smith to second
|
Batting: SHB Otis Nixon
|
0-0: Ball 1-0: Called Strike 1-1: Swinging Strike 1-2: Foul Ball, location: 2F 1-2: Fielders Choice at 2nd, 6-4 (Groundball, 6, EV 102.5 MPH)
|
Top of the 2nd over - 0 runs, 1 hit, 0 errors, 2 left on base; St. Louis 1 - Chicago 0 |
BOTTOM OF THE 2ND |
Chicago Cubs batting - Pitching for St. Louis Cardinals : LHP Willie Hernandez
|
Batting: RHB Gary Ward
|
0-0: Swinging Strike 0-1: Foul Ball, location: 2F 0-2: Foul Ball, location: 2F 0-2: Foul Ball, location: 2F 0-2: Ground out 6-3 (Groundball, 6S, EV 83.1 MPH)
|
Batting: RHB Randy Ready
|
0-0: Ground out 5-3 (Groundball, 5S, EV 70.6 MPH)
|
Batting: RHB Bob Brenly
|
0-0: Swinging Strike 0-1: Swinging Strike 0-2: Foul Ball, location: 2F 0-2: Ball 1-2: Ball 2-2: Foul Ball, location: 2F 2-2: Ground out 4-3 (Groundball, 4S, EV 76.3 MPH)
|
Bottom of the 2nd over - 0 runs, 0 hits, 0 errors, 0 left on base; St. Louis 1 - Chicago 0 |
TOP OF THE 3RD |
St. Louis Cardinals batting - Pitching for Chicago Cubs : RHP Oscar Sanchez
|
Batting: LHB Jim Gantner
|
0-0: Ball 1-0: Ball 2-0: Swinging Strike 2-1: Ball 3-1: Swinging Strike 3-2: Strikes out swinging
|
Batting: RHB Sixto Lezcano
|
0-0: Ball 1-0: Fly out, F6 (Popup, 6S, EV 80.0 MPH)
|
Batting: LHB Pat Putnam
|
0-0: Foul Ball, location: 2F 0-1: Fly out, F3 (Popup, 34, EV 63.1 MPH)
|
Top of the 3rd over - 0 runs, 0 hits, 0 errors, 0 left on base; St. Louis 1 - Chicago 0 |
BOTTOM OF THE 3RD |
Chicago Cubs batting - Pitching for St. Louis Cardinals : LHP Willie Hernandez
|
Batting: RHB Willie Randolph
|
0-0: Foul Ball, location: 2F 0-1: SINGLE (Groundball, 34S, EV 65.0 MPH) (infield hit)
|
Batting: SHB Oscar Sanchez
|
0-0: Ball 1-0: Called Strike Willie Randolph steals 2nd base 1-1: Bunt - Flyout to 23! F3
|
Batting: LHB Gerald Perry
|
0-0: Foul Ball, location: 2F 0-1: Foul Ball, location: 2F 0-2: Ground out 6-3 (Groundball, 6, EV 94.4 MPH)
|
Batting: RHB Bill Madlock
|
0-0: Called Strike 0-1: Ball 1-1: Ball 2-1: Foul Ball, location: 2F 2-2: SINGLE (Groundball, 25, EV 66.3 MPH) (infield hit) Willie Randolph to third
|
Batting: RHB Lonnie Smith
|
0-0: Swinging Strike 0-1: Foul Ball, location: 2F 0-2: Strikes out swinging
|
Bottom of the 3rd over - 0 runs, 2 hits, 0 errors, 2 left on base; St. Louis 1 - Chicago 0 |
TOP OF THE 4TH |
St. Louis Cardinals batting - Pitching for Chicago Cubs : RHP Oscar Sanchez
|
Batting: RHB Joe Torre
|
0-0: Ball 1-0: Called Strike 1-1: Foul Ball, location: 2F 1-2: Ball 2-2: Strikes out swinging
|
Batting: LHB Mike Davis
|
0-0: Foul Ball, location: 2F 0-1: Called Strike 0-2: Ball 1-2: Ball 2-2: Ball 3-2: Strikes out swinging
|
Batting: RHB Bob Watson
|
0-0: Foul Ball, location: 2F 0-1: Ball 1-1: Ball 2-1: Ground out 5-3 (Groundball, 56S, EV 79.4 MPH)
|
Top of the 4th over - 0 runs, 0 hits, 0 errors, 0 left on base; St. Louis 1 - Chicago 0 |
BOTTOM OF THE 4TH |
Chicago Cubs batting - Pitching for St. Louis Cardinals : LHP Willie Hernandez
|
Batting: SHB Roy Smalley
|
0-0: Foul Ball, location: 2F 0-1: Ball 1-1: Swinging Strike 1-2: Ball 2-2: Fly out, F8 (Flyball, 8RD, EV 93.8 MPH)
|
Batting: RHB Gary Ward
|
0-0: Ball 1-0: Called Strike 1-1: Ball 2-1: Hit by Pitch
|
Batting: RHB Randy Ready
|
0-0: Ball 1-0: DOUBLE (Flyball, 3D, EV 94.4 MPH) Gary Ward to third Runner from 3rd tries for Home, SAFE, no throw by RF
|
Batting: RHB Bob Brenly
|
0-0: Ball 1-0: Swinging Strike 1-1: SINGLE (Groundball, 4D, EV 100.6 MPH) Randy Ready to third Runner from 3rd tries for Home, SAFE, throw by CF to home
|
Batting: RHB Willie Randolph
|
0-0: Ball 1-0: TRIPLE (Line Drive, 9LD, EV 105.6 MPH) Bob Brenly scores
|
Batting: SHB Oscar Sanchez
|
0-0: Ball 1-0: Swinging Strike 1-1: Ball 2-1: Ball 3-1: Called Strike Steal of home, Willie Randolph is out 3-2: Strikes out swinging
|
Bottom of the 4th over - 3 runs, 3 hits, 0 errors, 0 left on base; St. Louis 1 - Chicago 3 |
TOP OF THE 5TH |
St. Louis Cardinals batting - Pitching for Chicago Cubs : RHP Oscar Sanchez
|
Batting: SHB Billy E Smith
|
0-0: Foul Ball, location: 2F 0-1: Called Strike 0-2: Ground out 6-3 (Groundball, 6, EV 88.8 MPH)
|
Batting: LHB Willie Hernandez
|
0-0: Ball 1-0: Ball 2-0: Ball 3-0: Called Strike 3-1: Called Strike 3-2: Foul Ball, location: 2F 3-2: Foul Ball, location: 2F 3-2: Foul Ball, location: 2F 3-2: Strikes out swinging
|
Batting: SHB Otis Nixon
|
0-0: Called Strike 0-1: SINGLE (Flyball, 6MD, EV 86.3 MPH)
|
Batting: LHB Jim Gantner
|
0-0: Ball Otis Nixon steals 2nd base 1-0: Fly out, F7 (Flyball, 7D, EV 104.4 MPH)
|
Top of the 5th over - 0 runs, 1 hit, 0 errors, 1 left on base; St. Louis 1 - Chicago 3 |
BOTTOM OF THE 5TH |
Chicago Cubs batting - Pitching for St. Louis Cardinals : LHP Willie Hernandez
|
Batting: LHB Gerald Perry
|
0-0: Ball 1-0: Ball 2-0: Called Strike 2-1: Ball 3-1: SINGLE (Line Drive, 7S, EV 93.8 MPH)
|
Batting: RHB Bill Madlock
|
0-0: Ball 1-0: Ball 2-0: Swinging Strike 2-1: SINGLE (Line Drive, 89S, EV 89.4 MPH) Gerald Perry to second Runner from 2nd tries for 3rd, SAFE, throw by RF made to third
|
Batting: RHB Lonnie Smith
|
0-0: Called Strike 0-1: Ball Wild Pitch! Gerald Perry scores Bill Madlock to second 1-1: SINGLE (Line Drive, 8RS, EV 105.0 MPH) Bill Madlock to third Runner from 3rd tries for Home, SAFE, throw by CF to home
|
Pitching: RHP Andy Hawkins
|
|
Batting: SHB Roy Smalley
|
0-0: Ball Lonnie Smith steals 2nd base 1-0: Called Strike 1-1: Ball 2-1: Foul Ball, location: 2F 2-2: Ground out 4-3 (Groundball, 4, EV 89.4 MPH) Lonnie Smith to third
|
Batting: RHB Gary Ward
|
0-0: Foul Ball, location: 2F 0-1: Foul Ball, location: 2F 0-2: Ball 1-2: SINGLE (Line Drive, 78S, EV 100.0 MPH) Lonnie Smith scores
|
Batting: RHB Randy Ready
|
0-0: Ball Gary Ward steals 2nd base 1-0: Ground out 6-3 (Groundball, 56, EV 86.9 MPH)
|
Batting: RHB Bob Brenly
|
0-0: Ball 1-0: Fly out, F9 (Flyball, 9, EV 88.1 MPH)
|
Bottom of the 5th over - 3 runs, 4 hits, 0 errors, 1 left on base; St. Louis 1 - Chicago 6 |
TOP OF THE 6TH |
St. Louis Cardinals batting - Pitching for Chicago Cubs : RHP Oscar Sanchez
|
Batting: RHB Sixto Lezcano
|
0-0: Called Strike 0-1: Ball 1-1: Called Strike 1-2: Foul Ball, location: 2F 1-2: Ball 2-2: Foul Ball, location: 2F 2-2: Strikes out swinging, 2-3 out at first.
|
Batting: LHB Pat Putnam
|
0-0: Swinging Strike 0-1: Ball 1-1: Swinging Strike 1-2: Fly out, F8 (Flyball, 8LM, EV 84.4 MPH)
|
Batting: RHB Joe Torre
|
0-0: Fly out, F7 (Line Drive, 7, EV 97.5 MPH)
|
Top of the 6th over - 0 runs, 0 hits, 0 errors, 0 left on base; St. Louis 1 - Chicago 6 |
BOTTOM OF THE 6TH |
Chicago Cubs batting - Pitching for St. Louis Cardinals : RHP Andy Hawkins
|
Batting: RHB Willie Randolph
|
0-0: Ground out 4-3 (Groundball, 4, EV 90.6 MPH)
|
Batting: SHB Oscar Sanchez
|
0-0: Reached on error, E3 (Groundball, 3, EV 91.3 MPH)
|
Batting: LHB Gerald Perry
|
0-0: Ball 1-0: SINGLE (Groundball, 34D, EV 106.3 MPH) Oscar Sanchez to second Runner from 2nd tries for 3rd, SAFE, throw by RF made to third
|
Batting: RHB Bill Madlock
|
0-0: Called Strike 0-1: Fielders Choice at 2nd, 6-4 (Groundball, 6, EV 89.4 MPH) Oscar Sanchez scores
|
Batting: RHB Lonnie Smith
|
0-0: Ball 1-0: Foul Ball, location: 2F 1-1: Foul Ball, location: 2F 1-2: Foul Ball, location: 2F 1-2: SINGLE (Groundball, 34D, EV 103.1 MPH) Bill Madlock to second Runner from 2nd tries for 3rd, SAFE, throw by RF made to third
|
Batting: SHB Roy Smalley
|
0-0: Ball 1-0: Foul Ball, location: 2F 1-1: Swinging Strike 1-2: Ground out 3-1 (Groundball, 34, EV 87.5 MPH)
|
Bottom of the 6th over - 1 run, 2 hits, 1 error, 2 left on base; St. Louis 1 - Chicago 7 |
TOP OF THE 7TH |
St. Louis Cardinals batting - Pitching for Chicago Cubs : RHP Oscar Sanchez
|
Batting: LHB Mike Davis
|
0-0: Called Strike 0-1: Foul Ball, location: 2F 0-2: Strikes out swinging
|
Batting: RHB Bob Watson
|
0-0: SOLO HOME RUN (Flyball, 78XD, EV 93.8 MPH), Distance : 437 ft
|
Batting: SHB Billy E Smith
|
0-0: Ball 1-0: Ball 2-0: Foul Ball, location: 2F 2-1: Ground out 6-3 (Groundball, 6MS, EV 76.3 MPH)
|
Pinch Hitting: RHB Pascual D'Annunzio
|
0-0: Ball 1-0: Ground out 6-3 (Groundball, 6, EV 92.5 MPH)
|
Top of the 7th over - 1 run, 1 hit, 0 errors, 0 left on base; St. Louis 2 - Chicago 7 |
BOTTOM OF THE 7TH |
Chicago Cubs batting - Pitching for St. Louis Cardinals : RHP Andy Hawkins
|
Pitching: RHP David Melendez
|
|
Batting: RHB Gary Ward
|
0-0: Ball 1-0: Foul Ball, location: 2F 1-1: SINGLE (Line Drive, 4MD, EV 95.0 MPH)
|
Batting: RHB Randy Ready
|
0-0: Grounds into double play, 6-4-3 (Groundball, 6S, EV 85.0 MPH)
|
Batting: RHB Bob Brenly
|
0-0: Swinging Strike 0-1: Ground out 5-3 (Groundball, 56, EV 81.9 MPH)
|
Bottom of the 7th over - 0 runs, 1 hit, 0 errors, 0 left on base; St. Louis 2 - Chicago 7 |
TOP OF THE 8TH |
St. Louis Cardinals batting - Pitching for Chicago Cubs : RHP Oscar Sanchez
|
Batting: SHB Otis Nixon
|
0-0: Ground out 5-3 (Groundball, 56, EV 81.3 MPH)
|
Batting: LHB Jim Gantner
|
0-0: Ball 1-0: Fly out, F7 (Line Drive, 7, EV 95.0 MPH)
|
Batting: RHB Sixto Lezcano
|
0-0: Called Strike 0-1: Called Strike 0-2: Foul Ball, location: 2F 0-2: Fly out, F6 (Line Drive, 6, EV 73.1 MPH)
|
Top of the 8th over - 0 runs, 0 hits, 0 errors, 0 left on base; St. Louis 2 - Chicago 7 |
BOTTOM OF THE 8TH |
Chicago Cubs batting - Pitching for St. Louis Cardinals : RHP David Melendez
|
Batting: RHB Willie Randolph
|
0-0: Ball 1-0: Ball 2-0: Ball 3-0: Called Strike 3-1: Base on Balls
|
Batting: SHB Oscar Sanchez
|
0-0: Bunted foul 0-1: Sac Bunt to 15S - play at first, batter OUT! 1-4 Willie Randolph to second
|
Batting: LHB Gerald Perry
|
0-0: Called Strike 0-1: Foul Ball, location: 2F 0-2: Ball 1-2: Ball 2-2: Strikes out swinging
|
Batting: RHB Bill Madlock
|
0-0: Called Strike 0-1: Ball 1-1: Ball 2-1: Ball 3-1: Called Strike 3-2: Foul Ball, location: 2F 3-2: Base on Balls
|
Batting: RHB Lonnie Smith
|
0-0: Ball 1-0: Swinging Strike 1-1: Ground out 5-3 (Groundball, 56S, EV 69.4 MPH)
|
Bottom of the 8th over - 0 runs, 0 hits, 0 errors, 2 left on base; St. Louis 2 - Chicago 7 |
TOP OF THE 9TH |
St. Louis Cardinals batting - Pitching for Chicago Cubs : RHP Oscar Sanchez
|
Batting: LHB Pat Putnam
|
0-0: Foul Ball, location: 2F 0-1: Ball 1-1: Ball 2-1: Fly out, F5 (Popup, 25, EV 83.8 MPH)
|
Batting: RHB Joe Torre
|
0-0: Called Strike 0-1: Foul Ball, location: 2F 0-2: Fly out, F8 (Flyball, 8RS, EV 75.6 MPH)
|
Batting: LHB Mike Davis
|
0-0: Foul Ball, location: 2F 0-1: Ball 1-1: Fly out, F6 (Line Drive, 6, EV 77.5 MPH)
|
Top of the 9th over - 0 runs, 0 hits, 0 errors, 0 left on base; St. Louis 2 - Chicago 7 |
|